PAAA
SYRACUSE STARKS @ JERSEY CITY TRITONS
09/13/2041
 
TOP OF THE 1ST
Syracuse Starks batting - Pitching for Jersey City Tritons : LHP Paul Vereen
Pitching: LHP Paul Vereen
Batting: RHB Nelson Rivera 0-0: Ball
1-0: Bunt missed!
1-1: Foul Ball, location: 2F
1-2: Ball
2-2: Ball
3-2: Foul Ball, location: 2F
3-2: Foul Ball, location: 2F
3-2: Strikes out swinging
Batting: RHB Akke Derksen 0-0: Ball
1-0: Called Strike
1-1: Foul Ball, location: 2F
1-2: Fly out, F8 (Flyball, 8LM, EV 77.5 MPH)
Batting: SHB Brian Burt 0-0: Ball
1-0: Ball
2-0: Ball
3-0: Base on Balls
Batting: RHB Graeme Dormer 0-0: Ball
1-0: Ball
2-0: Called Strike
2-1: Ball
3-1: Base on Balls
Brian Burt to second
Batting: LHB Mare Riseley 0-0: Fly out, F6 (Popup, 6D, EV 47.5 MPH)
Top of the 1st over - 0 runs, 0 hits, 0 errors, 2 left on base; Syracuse 0 - Jersey City 0
BOTTOM OF THE 1ST
Jersey City Tritons batting - Pitching for Syracuse Starks : LHP Dave McAlear
Pitching: LHP Dave McAlear
Batting: RHB Santiago Valentín 0-0: Ball
1-0: Foul Ball, location: 2F
1-1: Fly out, F4 (Popup, 4M, EV 60.6 MPH)
Batting: RHB Omar Krutsinger 0-0: Called Strike
0-1: Ball
1-1: Foul Ball, location: 2F
1-2: Ball
2-2: Ball
3-2: DOUBLE (Line Drive, 89D, EV 100.0 MPH)
Batting: RHB Alfredo Valdéz 0-0: Ball
1-0: Ball
2-0: Fly out, F4 (Popup, 13, EV 78.1 MPH)
Batting: RHB Mauro Jasso 0-0: Foul Ball, location: 2F
0-1: Foul Ball, location: 2F
0-2: Ground out 6-3 (Groundball, 6, EV 82.5 MPH)
Bottom of the 1st over - 0 runs, 1 hit, 0 errors, 1 left on base; Syracuse 0 - Jersey City 0
TOP OF THE 2ND
Syracuse Starks batting - Pitching for Jersey City Tritons : LHP Paul Vereen
Batting: RHB Atanza Vongor 0-0: Swinging Strike
0-1: Foul Ball, location: 2F
0-2: Ball
1-2: Ball
2-2: Ground out 6-3 (Groundball, 6, EV 85.0 MPH)
Batting: RHB Damon Newbold 0-0: Called Strike
0-1: Ball
1-1: Swinging Strike
1-2: Strikes out swinging, 2-3 out at first.
Batting: RHB Cisco Feijoo 0-0: Swinging Strike
0-1: Foul Ball, location: 2F
0-2: Strikes out swinging
Top of the 2nd over - 0 runs, 0 hits, 0 errors, 0 left on base; Syracuse 0 - Jersey City 0
BOTTOM OF THE 2ND
Jersey City Tritons batting - Pitching for Syracuse Starks : LHP Dave McAlear
Batting: LHB Steve Whitehead 0-0: Ball
1-0: Fly out, F8 (Line Drive, 8LD, EV 93.1 MPH)
Batting: RHB José García 0-0: Ground out 6-3 (Groundball, 6M, EV 85.0 MPH)
Batting: RHB Sun-jae Kwak 0-0: Ball
1-0: Called Strike
1-1: Foul Ball, location: 2F
1-2: Foul Ball, location: 2F
1-2: Ball
2-2: Foul Ball, location: 2F
2-2: Strikes out swinging
Bottom of the 2nd over - 0 runs, 0 hits, 0 errors, 0 left on base; Syracuse 0 - Jersey City 0
TOP OF THE 3RD
Syracuse Starks batting - Pitching for Jersey City Tritons : LHP Paul Vereen
Batting: RHB Beco Bnard 0-0: Ball
1-0: Called Strike
1-1: Swinging Strike
1-2: Strikes out looking
Batting: RHB Nelson Rivera 0-0: Hit by Pitch
Batting: RHB Akke Derksen 0-0: Ball
1-0: Ball
2-0: Ball
3-0: Base on Balls
Nelson Rivera to second
Batting: SHB Brian Burt 0-0: Swinging Strike
0-1: Ball
1-1: Called Strike
1-2: Foul Ball, location: 2F
1-2: DOUBLE (Line Drive, 78XD, EV 106.2 MPH)
Nelson Rivera scores
Akke Derksen to third
Batting: RHB Graeme Dormer 0-0: Ball
1-0: Ball
2-0: Called Strike
2-1: Ball
3-1: Foul Ball, location: 2F
3-2: Base on Balls
Batting: LHB Mare Riseley 0-0: Called Strike
0-1: SINGLE (Line Drive, 78S, EV 104.4 MPH)
Akke Derksen scores
Brian Burt to third
Graeme Dormer to second
Runner from 3rd tries for Home, SAFE, no throw by LF
Batting: RHB Atanza Vongor 0-0: Ball
1-0: Ball
2-0: Called Strike
2-1: Fielders Choice at 2nd, 6-4 (Groundball, 6S, EV 82.5 MPH)
Graeme Dormer to third
Batting: RHB Damon Newbold 0-0: Ball
1-0: Called Strike
1-1: Ball
2-1: Called Strike
2-2: Foul Ball, location: 2F
2-2: Ground out 4-3 (Groundball, 4, EV 102.5 MPH)
Top of the 3rd over - 3 runs, 2 hits, 0 errors, 2 left on base; Syracuse 3 - Jersey City 0
BOTTOM OF THE 3RD
Jersey City Tritons batting - Pitching for Syracuse Starks : LHP Dave McAlear
Batting: RHB Jaime Montés 0-0: Ball
1-0: Ball
2-0: Ball
3-0: Swinging Strike
3-1: Ground out 4-3 (Groundball, 34, EV 75.6 MPH)
Batting: RHB Shou-chien Luo 0-0: Ball
1-0: Foul Ball, location: 2F
1-1: SOLO HOME RUN (Flyball, 9D, EV 106.2 MPH), Distance : 376 ft
Batting: RHB Santiago Valentín 0-0: Hit by Pitch
Batting: RHB Omar Krutsinger 0-0: Called Strike
Santiago Valentín steals 2nd base
0-1: Ball
1-1: Ball
2-1: Called Strike
2-2: Ground out 6-3 (Groundball, 6, EV 93.1 MPH)
Santiago Valentín to third
Batting: RHB Alfredo Valdéz 0-0: Swinging Strike
0-1: Ground out 5-3 (Groundball, 56, EV 82.5 MPH)
Bottom of the 3rd over - 1 run, 1 hit, 0 errors, 1 left on base; Syracuse 3 - Jersey City 1
TOP OF THE 4TH
Syracuse Starks batting - Pitching for Jersey City Tritons : LHP Paul Vereen
Batting: RHB Cisco Feijoo 0-0: Called Strike
0-1: Ground out 6-3 (Groundball, 6, EV 104.4 MPH)
Batting: RHB Beco Bnard 0-0: Ball
1-0: Ball
2-0: Foul Ball, location: 2F
2-1: Fly out, F8 (Flyball, 8RS, EV 98.1 MPH)
Batting: RHB Nelson Rivera 0-0: Called Strike
0-1: Ball
1-1: Fly out, F4 (Popup, 34S, EV 78.1 MPH)
Top of the 4th over - 0 runs, 0 hits, 0 errors, 0 left on base; Syracuse 3 - Jersey City 1
BOTTOM OF THE 4TH
Jersey City Tritons batting - Pitching for Syracuse Starks : LHP Dave McAlear
Batting: RHB Mauro Jasso 0-0: Ball
1-0: Swinging Strike
1-1: Fly out, F3 (Popup, 3SF, EV 68.1 MPH)
Batting: LHB Steve Whitehead 0-0: Ball
1-0: SINGLE (Groundball, 4D, EV 108.1 MPH)
Batting: RHB José García 0-0: Called Strike
0-1: Called Strike
0-2: Foul Ball, location: 2F
0-2: Strikes out swinging
Batting: RHB Sun-jae Kwak 0-0: Ball
1-0: Ball
2-0: Fly out, F9 (Line Drive, 9D, EV 86.9 MPH)
Bottom of the 4th over - 0 runs, 1 hit, 0 errors, 1 left on base; Syracuse 3 - Jersey City 1
TOP OF THE 5TH
Syracuse Starks batting - Pitching for Jersey City Tritons : LHP Paul Vereen
Batting: RHB Akke Derksen 0-0: Called Strike
0-1: Swinging Strike
0-2: Ball
1-2: Ball
2-2: Strikes out looking
Batting: SHB Brian Burt 0-0: Ball
1-0: Ground out 1-3 (Groundball, 34S, EV 84.4 MPH)
Batting: RHB Graeme Dormer 0-0: Ball
1-0: Called Strike
1-1: Called Strike
1-2: Strikes out swinging
Top of the 5th over - 0 runs, 0 hits, 0 errors, 0 left on base; Syracuse 3 - Jersey City 1
BOTTOM OF THE 5TH
Jersey City Tritons batting - Pitching for Syracuse Starks : LHP Dave McAlear
Batting: RHB Jaime Montés 0-0: Ball
1-0: SINGLE (Line Drive, 6D, EV 100.0 MPH)
Batting: RHB Shou-chien Luo 0-0: Called Strike
0-1: Ball
1-1: Ball
2-1: Swinging Strike
2-2: Ball
3-2: Foul Ball, location: 2F
3-2: Strikes out swinging
Batting: RHB Santiago Valentín 0-0: Foul Ball, location: 2F
0-1: Foul Ball, location: 2F
0-2: Ball
1-2: Foul Ball, location: 2F
1-2: Ball
2-2: Strikes out swinging
Batting: RHB Omar Krutsinger 0-0: Ball
1-0: Called Strike
1-1: Swinging Strike
1-2: Ball
2-2: Ball
3-2: SINGLE (Groundball, 34D, EV 95.6 MPH)
Jaime Montés to second
Jaime Montés to third
Batting: RHB Alfredo Valdéz 0-0: Ball
1-0: Swinging Strike
1-1: Ball
2-1: Fielders Choice at 2nd, 5-4 (Groundball, 5, EV 85.6 MPH)
Bottom of the 5th over - 0 runs, 2 hits, 0 errors, 2 left on base; Syracuse 3 - Jersey City 1
TOP OF THE 6TH
Syracuse Starks batting - Pitching for Jersey City Tritons : LHP Paul Vereen
Batting: LHB Mare Riseley 0-0: Called Strike
0-1: Swinging Strike
0-2: Strikes out swinging
Batting: RHB Atanza Vongor 0-0: Foul Ball, location: 2F
0-1: Ball
1-1: Ground out 6-3 (Groundball, 6, EV 102.5 MPH)
Batting: RHB Damon Newbold 0-0: Ball
1-0: Called Strike
1-1: Swinging Strike
1-2: Foul Ball, location: 2F
1-2: Fly out, F6 (Popup, 4M, EV 63.8 MPH)
Top of the 6th over - 0 runs, 0 hits, 0 errors, 0 left on base; Syracuse 3 - Jersey City 1
BOTTOM OF THE 6TH
Jersey City Tritons batting - Pitching for Syracuse Starks : LHP Dave McAlear
Batting: RHB Mauro Jasso 0-0: Ball
1-0: Called Strike
1-1: Swinging Strike
1-2: Ball
2-2: Foul Ball, location: 2F
2-2: Foul Ball, location: 2F
2-2: Fly out, F7 (Flyball, 7LM, EV 79.4 MPH)
Batting: LHB Steve Whitehead 0-0: Ball
1-0: Called Strike
1-1: Called Strike
1-2: Foul Ball, location: 2F
1-2: Ground out 6-3 (Groundball, 6, EV 85.0 MPH)
Batting: RHB José García 0-0: Ground out 6-3 (Groundball, 6M, EV 81.2 MPH)
Bottom of the 6th over - 0 runs, 0 hits, 0 errors, 0 left on base; Syracuse 3 - Jersey City 1
TOP OF THE 7TH
Syracuse Starks batting - Pitching for Jersey City Tritons : LHP Paul Vereen
Batting: RHB Cisco Feijoo 0-0: Ball
1-0: Called Strike
1-1: Ball
2-1: DOUBLE (Flyball, 78D, EV 99.4 MPH)
Pitching: RHP Ramiro Valdés
Batting: RHB Beco Bnard 0-0: Ball
1-0: Ball
2-0: Ball
3-0: Called Strike
3-1: Swinging Strike
3-2: SINGLE (Line Drive, 56, EV 109.4 MPH)
Cisco Feijoo to third
Batting: RHB Nelson Rivera 0-0: Called Strike
0-1: Ball
Beco Bnard steals 2nd base
1-1: Called Strike
1-2: Foul Ball, location: 2F
1-2: Foul Ball, location: 2F
1-2: Ball
2-2: Foul Ball, location: 2F
2-2: Foul Ball, location: 2F
2-2: Ground out U3 (Groundball, 3, EV 79.4 MPH)
Batting: RHB Akke Derksen 0-0: Ball
1-0: Foul Ball, location: 2F
1-1: Fly out, F9 (Line Drive, 9, EV 94.4 MPH)
Runner from 3rd tags up, SCORES, throw by RF
Batting: SHB Brian Burt 0-0: Ball
Wild Pitch!
Beco Bnard to third
1-0: Fly out, F4 (Popup, 34S, EV 81.9 MPH)
Top of the 7th over - 1 run, 2 hits, 0 errors, 1 left on base; Syracuse 4 - Jersey City 1
BOTTOM OF THE 7TH
Jersey City Tritons batting - Pitching for Syracuse Starks : LHP Dave McAlear
Batting: RHB Sun-jae Kwak 0-0: Ball
1-0: Foul Ball, location: 2F
1-1: Foul Ball, location: 2F
1-2: Ball
2-2: SINGLE (Line Drive, 9LS, EV 90.0 MPH)
Batting: RHB Jaime Montés 0-0: Ball
1-0: Called Strike
1-1: Swinging Strike
1-2: Ball
2-2: SINGLE (Groundball, 56D, EV 103.1 MPH)
Sun-jae Kwak to second
Pitching: RHP Raúl Flores
Batting: RHB Shou-chien Luo 0-0: Ball
1-0: Called Strike
1-1: Ball
2-1: Foul Ball, location: 2F
2-2: Ball
3-2: Grounds into double play, 6-4-3 (Groundball, 6M, EV 102.5 MPH)
Sun-jae Kwak to third
Batting: RHB Santiago Valentín 0-0: Foul Ball, location: 2F
0-1: Called Strike
0-2: Foul Ball, location: 2F
0-2: Ball
1-2: Ball
2-2: Foul Ball, location: 2F
2-2: Strikes out looking
Bottom of the 7th over - 0 runs, 2 hits, 0 errors, 1 left on base; Syracuse 4 - Jersey City 1
TOP OF THE 8TH
Syracuse Starks batting - Pitching for Jersey City Tritons : RHP Ramiro Valdés
Batting: RHB Graeme Dormer 0-0: Ball
1-0: Ball
2-0: Called Strike
2-1: Ball
3-1: Base on Balls
Batting: LHB Mare Riseley 0-0: Ball
1-0: Ball
2-0: Swinging Strike
2-1: Ball
3-1: Swinging Strike
3-2: Foul Ball, location: 2F
3-2: Strikes out looking
Batting: RHB Atanza Vongor 0-0: Fielders Choice at 2nd, 5-4 (Groundball, 56, EV 98.1 MPH)
Batting: RHB Damon Newbold 0-0: Ball
Atanza Vongor is caught stealing 2nd base 2-4
Top of the 8th over - 0 runs, 0 hits, 0 errors, 0 left on base; Syracuse 4 - Jersey City 1
BOTTOM OF THE 8TH
Jersey City Tritons batting - Pitching for Syracuse Starks : RHP Raúl Flores
Batting: RHB Omar Krutsinger 0-0: Ball
1-0: Ball
2-0: Swinging Strike
2-1: Foul Ball, location: 2F
2-2: Foul Ball, location: 2F
2-2: Foul Ball, location: 2F
2-2: Foul Ball, location: 2F
2-2: SINGLE (Groundball, 3D, EV 98.1 MPH)
Batting: RHB Alfredo Valdéz 0-0: Called Strike
0-1: Foul Ball, location: 2F
0-2: Ball
1-2: Ball
2-2: Ball
3-2: Strikes out swinging
Batting: RHB Mauro Jasso 0-0: Ball
1-0: Foul Ball, location: 2F
1-1: SINGLE (Line Drive, 5D, EV 100.6 MPH)
Omar Krutsinger to second
Batting: LHB Steve Whitehead 0-0: Ball
1-0: Ball
2-0: Fly out, F8 (Flyball, 8RS, EV 95.0 MPH)
Batting: RHB José García 0-0: Ball
1-0: Fly out, F9 (Line Drive, 9, EV 98.1 MPH)
Bottom of the 8th over - 0 runs, 2 hits, 0 errors, 2 left on base; Syracuse 4 - Jersey City 1
TOP OF THE 9TH
Syracuse Starks batting - Pitching for Jersey City Tritons : RHP Ramiro Valdés
Pitching: RHP Keith Johnson
Batting: RHB Damon Newbold 0-0: Ball
1-0: Foul Ball, location: 2F
1-1: Ball
2-1: Called Strike
2-2: Ball
3-2: Foul Ball, location: 2F
3-2: Foul Ball, location: 2F
3-2: Ground out 5-3 (Groundball, 56, EV 108.8 MPH)
Batting: RHB Cisco Feijoo 0-0: Ball
1-0: Fly out, F9 (Flyball, 9LM, EV 104.4 MPH)
Batting: RHB Beco Bnard 0-0: Called Strike
0-1: Ball
1-1: Ball
2-1: Foul Ball, location: 2F
2-2: SINGLE (Line Drive, 6D, EV 107.5 MPH)
Batting: RHB Nelson Rivera 0-0: Ball
1-0: Ball
Beco Bnard steals 2nd base (no throw)
2-0: Foul Ball, location: 2F
2-1: Foul Ball, location: 2F
2-2: Strikes out swinging
Top of the 9th over - 0 runs, 1 hit, 0 errors, 1 left on base; Syracuse 4 - Jersey City 1
BOTTOM OF THE 9TH
Jersey City Tritons batting - Pitching for Syracuse Starks : RHP Raúl Flores
Batting: RHB Sun-jae Kwak 0-0: Called Strike
0-1: SINGLE (Flyball, 9S, EV 91.2 MPH)
Pitching: RHP Christiaan Volkers
Batting: RHB Jaime Montés 0-0: Ball
1-0: Foul Ball, location: 2F
1-1: Foul Ball, location: 2F
1-2: Strikes out swinging
Pitching: LHP Jeffery Brock
Batting: RHB Shou-chien Luo 0-0: Called Strike
0-1: Ball
1-1: Foul Ball, location: 2F
1-2: Ground out 4-3 (Groundball, 34, EV 86.9 MPH)
Sun-jae Kwak to second
Batting: RHB Santiago Valentín 0-0: Ball
Wild Pitch!
Sun-jae Kwak to third
1-0: Called Strike
1-1: Ball
2-1: SINGLE (Line Drive, 9LM, EV 96.2 MPH)
Sun-jae Kwak scores
Batting: RHB Omar Krutsinger 0-0: Fly out, F7 (Flyball, 7LSF, EV 89.4 MPH)
Bottom of the 9th over - 1 run, 2 hits, 0 errors, 1 left on base; Syracuse 4 - Jersey City 2
Tuesday, January 5th, 2021 - OOTP Baseball 20.8 Build 74